 Seeded DCSS version 0.25-a0-1007-g10a8c3c (webtiles) character file.

Game seed: 6431695635927419459, levelgen mode: deterministic

1597 Illumine the Chopper (level 8, -2/61 HPs)
             Began as a Mummy Gladiator on May 11, 2020.
             Was a Believer of Okawaru.
             Slain by an orc warrior
             ... wielding a +0 halberd
              (7 damage)
             ... on level 6 of the Dungeon.
             The game lasted 00:19:49 (7839 turns).

Illumine the Chopper (Mummy Gladiator)              Turns: 7839, Time: 00:19:49

Health: -2/61      AC: 13    Str: 20    XL:     8   Next: 62%
Magic:  10/10      EV:  7    Int:  7    God:    Okawaru [**....]
Gold:   301        SH:  0    Dex: 13    Spells: 7/7 levels left

rFire    . . .     SeeInvis +   a - +0 war axe
rCold    + . .     Gourm    .   (no shield)
rNeg     + + +     Faith    .   s - +0 plate armour
rPois    ∞         Spirit   .   m - +0 helmet
rElec    .         Reflect  .   (no cloak)
rCorr    .         Harm     .   (no gloves)
MR       +....                  j - +0 pair of boots
Stlth    ..........             (no amulet)
HPRegen  0.20/turn              C - ring of see invisible
MPRegen  0.12/turn              A - ring of protection from fire

@: no status effects
A: no food or potions, fire vulnerability, cold resistance 1, negative energy
resistance 3, torment resistance, unbreathing
a: Heroism, Renounce Religion


You were on level 6 of the Dungeon.
You worshipped Okawaru.
Okawaru was pleased with you.
You were not hungry.

You visited 2 branches of the dungeon, and saw 9 of its levels.

You collected 301 gold pieces.

Inventory:

Hand Weapons
 a - a +0 war axe (weapon)
 x - a +0 shortbow
 y - a +2 hand axe of flaming
Missiles
 e - 5 silver boomerangs (quivered)
 i - 272 stones
 k - 71 bolts
 l - 103 arrows
 w - 6 boomerangs
Armour
 b - a +0 leather armour
 c - a +0 helmet
 j - a +0 pair of boots (worn)
 m - a +0 helmet (worn)
 q - a +0 kite shield
 s - a +0 plate armour (worn)
Jewellery
 A - a ring of protection from fire (right hand)
 C - a ring of see invisible (left hand)
Wands
 v - a wand of enslavement (8)
 z - a wand of acid (5)
 B - a wand of paralysis (10)
Scrolls
 d - 4 scrolls of teleportation
 f - 2 scrolls of amnesia
 h - 5 scrolls of remove curse
 n - 2 scrolls of identify
 o - 3 scrolls of magic mapping
 p - 2 scrolls of fog
 t - 4 scrolls of enchant weapon
 u - a scroll of enchant armour


   Skills:
 + Level 4.7 Fighting
 * Level 6.3 Axes
 + Level 1.8 Bows
 - Level 2.4 Throwing
 + Level 3.4 Armour
 + Level 3.3 Dodging
 + Level 2.8 Invocations


You had 7 spell levels left.
You didn't know any spells.
Your spell library contained the following spells:

 Spells                   Type           Power        Failure   Level  Hunger
 Magic Dart               Conj           #...         100%        1    N/A
 Blink                    Tloc           N/A          100%        2    N/A
 Call Imp                 Summ           #.......     100%        2    N/A
 Slow                     Hex            #.......     100%        2    N/A
 Conjure Flame            Conj/Fire      #.......     100%        3    N/A
 Mephitic Cloud           Conj/Pois/Air  #.......     100%        3    N/A

Dungeon Overview and Level Annotations

Branches:
Dungeon (8/15)             Temple (1/1) D:4
   Lair: D:8-11

Altars:
Ashenzari
Cheibriados
Elyvilon
Fedhas
Gozag
Hepliaklqana
Kikubaaqudgha
Makhleb
Nemelex Xobeh
Okawaru
Ru
Sif Muna
Trog
Wu Jian
Xom
Yredelemnul
Zin
The Shining One


Innate Abilities, Weirdness & Mutations

You do not eat or drink.
Your flesh is vulnerable to fire.
You are immune to poison.
Your flesh is cold resistant. (rC+)
You are immune to negative energy. (rN+++)
You are immune to unholy pain and torment.
You can survive without breathing.


Message History

The orc warrior is moderately wounded.
The orc warrior closely misses you.
You barely miss the orc warrior.
The orc warrior is moderately wounded.
The orc warrior seems less confused.
The orc warrior hits you but does no damage.
You hit the orc warrior.
The orc warrior is moderately wounded.
The orc warrior hits you but does no damage.
The orc warrior hits you with a +0 halberd.
* * * LOW HITPOINT WARNING * * *
Your plate armour prevents you from hitting the orc warrior.
The orc warrior is moderately wounded.
The orc warrior hits you with a +0 halberd.
* * * LOW HITPOINT WARNING * * *
You closely miss the orc warrior.
The orc warrior is moderately wounded.
The orc warrior is no longer blind.
The orc warrior hits you with a +0 halberd!
You die...

##.# #.# ##.#######.#
.!.........#
##.######..# ##.# #..#
##.# #..# ##.# #!.#
##.######..#############
................@o.....(
##.######..############.
##.#.......#
#########..#
#########..#
...........#
.#####.....########
.'....###..........
.####.# #..#######.


You could see an orc warrior (fast).

Vanquished Creatures
  2 ice beasts (D:6)
  A sky beast (D:7)
  3 ogres
  A centaur (D:5)
  A scorpion (D:7)
  A crimson imp (D:5)
  A centaur zombie (D:6)
  3 howler monkeys
  2 hounds
  A bullfrog skeleton (D:7)
  5 orc priests
  2 iguanas
  10 worker ants
  9 adders
  2 river rats (D:4)
  An ooze (D:4)
  6 worms
  2 dart slugs
  2 leopard geckos
  17 orcs
  11 bats
  8 giant cockroaches
  7 goblins
  4 hobgoblins
  5 jackals
  5 quokkas
  A ball python (D:3)
  9 frilled lizards
  A giant cockroach zombie (D:5)
  9 kobolds
  2 leopard gecko zombies
  A quokka skeleton (D:5)
  9 rats
  A plant (D:2)
145 creatures vanquished.

Notes
Turn   | Place    | Note
-------+----------+-------------------------------------------
     0 | D:1      | Illumine the Mummy Gladiator began the quest for the Orb.
     0 | D:1      | Reached XP level 1. HP: 16/16 MP: 1/1
   428 | D:1      | Reached XP level 2. HP: 22/22 MP: 2/2
   824 | D:1      | Reached skill level 3 in Axes
  1331 | D:2      | Found a glowing golden altar of the Shining One.
  1406 | D:2      | Reached XP level 3. HP: 27/27 MP: 3/3
  2469 | D:3      | Reached XP level 4. HP: 33/33 MP: 4/4
  2891 | D:3      | Reached skill level 4 in Axes
  2891 | D:3      | Reached XP level 5. HP: 26/39 MP: 5/5
  3091 | D:3      | Reached skill level 1 in Armour
  3310 | D:4      | Found a staircase to the Ecumenical Temple.
  3340 | Temple   | Entered the Ecumenical Temple
  3432 | Temple   | Became a worshipper of Warmaster Okawaru
  3617 | D:4      | Found a glowing drain.
  3935 | Temple   | Reached XP level 6. HP: 30/46 MP: 6/6
  4863 | D:4      | Reached * piety under Okawaru
  4913 | D:4      | Reached skill level 5 in Axes
  5032 | D:4      | Reached XP level 7. HP: 42/52 MP: 7/7
  5287 | D:5      | Entered Level 5 of the Dungeon
  5471 | D:5      | Reached skill level 1 in Invocations
  6432 | D:6      | Reached ** piety under Okawaru
  6520 | D:6      | Reached XP level 8. HP: 51/60 MP: 9/9
  6575 | D:6      | Reached skill level 1 in Bows
  6713 | D:6      | Found a sacrificial altar of Ru.
  6804 | D:6      | Reached skill level 6 in Axes
  7839 | D:6      | Slain by an orc warrior

Illustrated notes

Levels and vault maps discovered:
D:1:      dpeg_arrival_subterranean_lakeside_camping, layout_loops_ring,
          chequers_serial_rivers_micro_c
D:2:      layout_loops_ring, tso_oasis_becter, kennysheep_generic_room_10
D:3:      layout_rooms, first_ration
D:4:      minmay_evil_eye, layout_loops_cross, minmay_temple_entry_mist,
          lightli_sewer_entry_pipes, enter_ossuary_1
D:5:      layout_cave_pods
D:6:      layout_basic, chequers_mini_garden,
          nicolae_ru_great_annihilating_truth
D:7:      layout_loops_ring, nicolae_overflow_hidden_temple, xom_redecorated
D:8:      minmay_s_stair_smasher, layout_loops_ring,
          eat_drink_and_be_merry_uskayaw
Temple:   minmay_crystal_spiral_temple

Skill      XL: |  1  2  3  4  5  6  7  8 |
---------------+-------------------------+-----
Axes           | 3 4 5 6 |  6.3
Dodging        | 3 |  3.3
Throwing       | 2 |  2.4
Armour         | 1 2 3 |  3.4
Fighting       | 3 4 |  4.7
Invocations    | 2 |  2.8
Bows           | 1 |  1.8

Action                   |  1- 3 |  4- 6 |  7- 9 || total
-------------------------+-------+-------+-------++-------
Melee: War axe           |   171 |   261 |   213 ||   645
 Fire: Shortbow          |       |       |    10 ||    10
Throw: Stone             |    26 |    22 |       ||    48
       Throwing net      |     4 |     1 |     2 ||     7
       Dart              |       |     5 |     6 ||    11
       Boomerang         |       |       |    33 ||    33
Evoke: Wand              |       |       |     1 ||     1
  Use: Scroll            |     2 |     5 |     3 ||    10
 Stab: Paralysed         |       |       |     1 ||     1
Armor: Leather armour    |    59 |       |       ||    59
       Chain mail        |       |   181 |       ||   181
       Plate armour      |       |    23 |   134 ||   157
Dodge: Dodged            |   114 |   157 |    88 ||   359

Table legend:
 A = Non-vault XP
 B = Vault XP
 C = Vault XP percentage of total XP
 D = Non-vault monster count
 E = Vault monster count
 F = Vault count percentage of total count
                 A         B        C        D         E       F
            +---------+---------+-------+---------+---------+-------
      Total |    2016 |     266 |  11.7 |     115 |      29 |  20.1
            +---------+---------+-------+---------+---------+-------
        D:1 |      20 |      10 |  33.3 |      13 |       6 |  31.6
        D:2 |      59 |       4 |   6.3 |      19 |       2 |   9.5
        D:3 |     224 |       0 |   0.0 |      30 |       0 |   0.0
        D:4 |     230 |     234 |  50.4 |      16 |      17 |  51.5
        D:5 |     408 |      14 |   3.3 |      15 |       1 |   6.2
        D:6 |     688 |       4 |   0.6 |      12 |       3 |  20.0
        D:7 |     346 |       0 |   0.0 |       9 |       0 |   0.0
     Temple |      41 |       0 |   0.0 |       1 |       0 |   0.0
            +---------+---------+-------+---------+---------+-------
